 Dungeon Crawl Stone Soup version 0.28.0 (webtiles) character file.

Game seed: 7566778978455527064

2204 AmazingTV the Covert (level 9, 0/69 HPs)
             Began as a Spriggan Brigand on June 30, 2022.
             Succumbed to an orc wizard's poison
             ... on level 7 of the Dungeon.
             The game lasted 00:39:00 (11565 turns).

AmazingTV the Covert (Spriggan Brigand)            Turns: 11565, Time: 00:39:01

Health: 0/69       AC:  3    Str:  9    XL:     9   Next: 12%
Magic:  10/10      EV: 18    Int: 12    God:
Gold:   368        SH:  0    Dex: 19    Spells: 8/8 levels left

rFire   . . .      SeeInvis +   u - +0 short sword (vamp) {short}
rCold   . . .      Faith    .   (no shield)
rNeg    . . .      Spirit   .   F - +0 robe of Miophoj {rPois SInv Archmagi}
rPois   +          Reflect  .   (helmet restricted)
rElec   .          Harm     .   c - +0 cloak
rCorr   .          Rampage  .   (gloves unavailable)
Will    +....      Archmagi +   (boots unavailable)
Stlth   ..........              (no amulet)
HPRegen 0.21/turn               o - ring of poison resistance
MPRegen 0.12/turn               J - ring of flight

@: berserking (expiring), lethally poisoned (0 -> -12), flying, very quick
A: very small, no large weapons, unfitting armour, see invisible, speed 3
a: no special abilities


You were on level 7 of the Dungeon.
You visited 2 branches of the dungeon, and saw 8 of its levels.

You collected 368 gold pieces.


Innate Abilities, Weirdness & Mutations

You are very small and have problems with some larger weapons.
You are too small for most types of armour.
You have supernaturally acute eyesight. (SInv)
You cover ground extremely quickly. (Speed+++)


   Skills:
 + Level 4.3 Fighting
 + Level 5.9 Short Blades
 * Level 7.6(8.1) Slings
 - Level 3.2(5.2) Throwing
 - Level 3.6 Dodging
 - Level 11.3 Stealth


You had 8 spell levels left.
You didn't know any spells.
Your spell library contained the following spells:

 Spells                   Type           Power      Damage    Failure   Level
 Magic Dart               Conj           0%         1d3       32%         1
 Call Imp                 Summ           0%         N/A       45%         2
 Scorch                   Fire           0%         2d5       45%         2
 Mephitic Cloud           Conj/Pois/Air  0%         N/A       69%         3
 Ozocubu's Armour         Ice            0%         N/A       69%         3
 Tukima's Dance           Hex            0%         N/A       69%         3
 Animate Armour           Summ/Erth      0%         N/A       97%         4
 Flame Wave               Conj/Fire      0%         2d4       97%         4
 Passage of Golubria      Tloc           0%         N/A       97%         4
 Blade Hands              Tmut           0%         N/A       100%        5
 Yara's Violent Unravell  Hex/Tmut       0%         3d3       100%        5
 Iron Shot                Conj/Erth      0%         9d1       100%        6
 Summon Cactus Giant      Summ           0%         N/A       100%        6
 Ozocubu's Refrigeration  Ice            0%         4d5       100%        7

Inventory:

Hand Weapons
 a - a +2 dagger of holy wrath {short}
   (You took it off a kobold on level 1 of the Dungeon)
 b - a +2 vorpal hunting sling {sling}
   (You found it on level 1 of the Dungeon)
 j - a +2 dagger {short}
 u - a +0 vampiric short sword (weapon) {short}
   (You took it off an orc on level 5 of the Dungeon)
 A - a +4 hand axe of freezing {axe}
   (You took it off a wight on level 4 of the Dungeon)
 M - a +0 rapier {short}
   (You took it off Eustachio on level 6 of the Dungeon)
Missiles
 d - 24 poisoned darts (quivered)
 e - 2 curare-tipped darts {=f}
 i - 274 stones
 q - 17 boomerangs
 B - 38 arrows
 E - 13 bolts
Armour
 c - a +0 cloak (worn)
 g - a +0 robe
 F - the +0 robe of Miophoj (worn) {rPois SInv Archmagi}
   (You found it on level 4 of the Dungeon)

   rPois:     It protects you from poison.
   SInv:      It lets you see invisible.
   Archmagi:  It increases the power of your magical spells.
 P - a +0 hat
   (You found it on level 7 of the Dungeon)
Jewellery
 n - a ring of see invisible
   (You found it on level 1 of the Dungeon)
 o - a ring of poison resistance (left hand)
   (You found it on level 1 of the Dungeon)
 J - a ring of flight (right hand)
   (You found it on level 6 of the Dungeon)
 L - a ring of protection from cold
   (You found it on level 6 of the Dungeon)
Wands
 I - a wand of mindburst (18)
   (You found it on level 6 of the Dungeon)
Scrolls
 f - 8 scrolls of identify {unknown}
 k - a scroll of noise {unknown}
 l - 3 scrolls of teleportation {unknown}
 m - a scroll of fear {unknown}
 p - 2 scrolls of vulnerability {unknown}
 r - a scroll of summoning {unknown}
 s - a scroll of enchant weapon {unknown}
 v - 2 scrolls of torment {unknown}
 y - 2 scrolls of magic mapping {unknown}
 K - a scroll of immolation {unknown}
 N - a scroll of blinking {unknown}
Potions
 t - a potion of might {unknown}
 w - 2 potions of degeneration {unknown}
 x - 2 potions of haste {unknown}
 z - a potion of lignification {unknown}
 C - a potion of curing {unknown}
 D - 2 potions of brilliance {unknown}
 G - a potion of mutation {unknown}
 H - 2 potions of magic {unknown}
 O - 2 potions of resistance {unknown}

Dungeon Overview and Level Annotations

Branches:
Dungeon (7/15)             Temple (1/1) D:7

Altars:
Ashenzari
Cheibriados
Dithmenos
Elyvilon
Fedhas
Gozag
Hepliaklqana
Kikubaaqudgha
Makhleb
Nemelex Xobeh
Okawaru
Qazlal
Ru
Sif Muna
Trog
Uskayaw
Vehumet
Wu Jian
Xom
Yredelemnul
Zin
The Shining One

Shops:
D:1 *

Annotations:
D:3 Ijyb, Sigmund

....#....#.#####.#.#
..#.#..............########
..#.....#....###.#........#
###.....#.....##.#.######.#
#.....#.#.#...##.########.#
#.#....###....##..........#
#...#...#...#..#.##########
#....#.....#.....#
..#####.>.#####.@#
.....#.....#....##
....#...#...#oo##
.......###...o##
....o.#.#.#..##
........#..(##
........#(.## .......((..#
########.#.##


You could see an orc warrior, an orc wizard (invisible) and an orc.


Message History

😮 HP[-5]
You take 5 damage, and now have 25/46 hp.
Fire: 283 stones
Press: ? - help, Q - select action, (/) - cycle Shift-Dir - straight line, f/p - orc wizard
Aim: an orc wizard, wielding a +4 dagger of venom and wearing a +0 robe (63% to hit)
You shoot a stone. The stone hits the orc wizard.
Fire: 282 stones
Press: ? - help, Q - select action, (/) - cycle Shift-Dir - straight line, f/p - orc wizard
Aim: an orc wizard, wielding a +4 dagger of venom and wearing a +0 robe (heavily wounded, 63% to hit)
You shoot a stone.
The stone closely misses the orc warrior.
The stone closely misses the orc wizard.
The stone hits the orc priest.
The orc wizard mumbles some strange words.
The orc wizard flickers and vanishes for a moment. 😮 HP[+1]
The orc warrior throws a boomerang.
The boomerang closely misses you. 😮 HP[+1] 😮 HP[+1]
You start resting. 😎 HP[+18]
Your hp is fully restored (46).
You shoot a stone.
The stone hits the orc wizard but does no damage.
You shoot a stone. The orc priest shouts!
The stone hits the orc priest.
You shoot a stone. The stone hits the orc priest.
You shoot a stone. The stone hits the orc priest.
You shoot a stone. The stone hits the orc priest.
You kill the orc priest!
You shoot a stone. The orc shouts!
The stone hits the orc wizard but does no damage.
The orc wizard casts a spell at you. The magic dart hits you. 😕 HP[-5]
You take 5 damage, and now have 41/46 hp.
You shoot a stone. The stone hits the orc wizard.
Your +2 dagger of holy wrath {short} softly glows with a divine radiance!
a - a +2 dagger of holy wrath (weapon)
{short} You closely miss the orc wizard.
The orc wizard mumbles some strange words.
The orc wizard flickers and vanishes for a moment.
The orc warrior shouts!
You hit the orc wizard.
Your +2 dagger of holy wrath {short} stops glowing.
You feel a sense of dread.
u - a +0 vampiric short sword (weapon)
{short} The orc wizard closely misses you.
You hit the orc wizard. The orc completely misses you.
The orc wizard completely misses you.
You hit the orc wizard but do no damage.
The orc wizard misses you. 😕 HP[+1]
You barely miss the orc wizard. The orc closely misses you.
The orc wizard points at you and mumbles some strange words.
The magic dart hits you. 😕 HP[-2]
You take 2 damage, and now have 40/46 hp.
You hit the orc wizard.
You feel better.
The orc wizard barely misses you. 😕 HP[+1]
The orc closely misses you.
You closely miss the orc. The orc wizard casts a spell at you.
The puff of flame hits you. 😕 HP[-4]
You take 4 damage, and now have 37/46 hp.
The orc wizard hits you with a +4 dagger of venom.
You are poisoned. 😮 HP[-4]
You take 4 damage, and now have 33/46 hp.
You closely miss the orc wizard.
You feel sick. The orc closely misses you.
The orc wizard hits you with a +4 dagger of venom.
You are more poisoned. 😮 HP[-7]
You take 7 damage, and now have 26/46 hp.
You feel very sick.
The orc warrior hits you with a +0 short sword!
* * * LOW HITPOINT WARNING * * *
😱 HP[-18]
You take 18 damage, and now have 8/46 hp.
MASSIVE DAMAGE!! (PAUSE) It was a potion of berserk rage.
A red film seems to cover your vision as you go berserk!
You feel yourself moving faster!
You feel mighty!
* * * LOW HITPOINT WARNING * * *
You feel very sick.
The orc warrior hits you with a +0 short sword!
* * * LOW HITPOINT WARNING * * *
😱 HP[-6]
You now have 69 max hp (+23).
You are too berserk!
You are too berserk!
You feel a strong urge to attack something.
* * * LOW HITPOINT WARNING * * *
You feel sick. 😱 HP[-1]
You take 1 damage, and now have 1/69 hp.
You die...

Skill      XL: |  1  2  3  4  5  6  7  8 |
---------------+-------------------------+-----
Stealth        | 6 7 9 11 | 11.3
Slings         | 1 2 3 5 7 |  7.6
Dodging        | 2 3 |  3.6
Fighting       | 2 3 4 |  4.3
Short Blades   | 3 4 5 |  5.9
Throwing       | 3 |  3.2

Action                   |  1- 3 |  4- 6 |  7- 9 || total
-------------------------+-------+-------+-------++-------
Melee: Dagger            |    95 |    58 |   117 ||   270
       Short sword       |    24 |    21 |   113 ||   158
       Punch             |       |       |     4 ||     4
 Fire: Hunting sling     |       |    92 |   195 ||   287
Throw: Dart              |       |       |    21 ||    21
  Use: Potion            |       |       |     1 ||     1
 Stab: Sleeping          |    15 |    13 |     8 ||    36
       Distracted        |     1 |       |       ||     1
Armor: Robe              |    15 |     6 |    21 ||    42
Dodge: Dodged            |    72 |    55 |   191 ||   318

Levels and vault maps discovered:
D:1:      dpeg_arrival_renting, layout_basic, serial_shops, nicolae_shop_crystal
D:2:      layout_loops_cross
D:3:      layout_rooms, minmay_quantized, uniq_ijyb, uniq_sigmund, uniq_grinder
D:4:      layout_layer_cave
D:5:      layout_basic, interstate_on_off
D:6:      layout_basic, hangedman_abyss_or_decor_stabs, kennysheep_potato,
          uniq_eustachio
D:7:      lemuel_bear_cage, layout_basic, elyvilon_altar_5,
          minmay_temple_entry_arrows
Temple:   regret_index_temple_sigil_plot

Notes
Turn   | Place    | Note
-------+----------+-------------------------------------------
     0 | D:1      | AmazingTV the Spriggan Brigand began the quest for the Orb.
     0 | D:1      | Reached XP level 1. HP: 10/10 MP: 2/2
     0 | D:1      | magus.rc [v1.9.6]
   308 | D:1      | Found Taerrith's Assorted Antiques.
   440 | D:1      | Reached XP level 2. HP: 11/15 MP: 3/3
   551 | D:1      | Reached skill level 6 in Stealth
  1301 | D:1      | Reached skill level 1 in Slings
  1594 | D:2      | Reached skill level 2 in Dodging
  1594 | D:2      | Reached XP level 3. HP: 18/18 MP: 4/4
  2373 | D:2      | Reached skill level 2 in Fighting
  2504 | D:2      | Reached XP level 4. HP: 23/23 MP: 5/5
  2662 | D:3      | You pick up a book of Scorching and begin reading...
  2662 | D:3      | You add the spells Scorch, Flame Wave and Summon Cactus
                  | Giant to your library.
  2726 | D:3      | Noticed Ijyb
  2726 | D:3      | Noticed Grinder
  2969 | D:3      | Reached skill level 3 in Short Blades
  2992 | D:3      | HP: 5/23 [gnoll (15)]
  3084 | D:3      | You fall into a shaft and drop 2 floors!
  3084 | D:5      | Entered Level 5 of the Dungeon
  3398 | D:5      | Reached skill level 2 in Slings
  3398 | D:5      | Reached XP level 5. HP: 26/26 MP: 6/6
  3849 | D:5      | Reached skill level 3 in Dodging
  4031 | D:5      | Noticed a sky beast
  4100 | D:5      | Killed a sky beast
  4101 | D:5      | Reached skill level 3 in Throwing
  4101 | D:5      | Reached skill level 7 in Stealth
  4101 | D:5      | Reached XP level 6. HP: 23/32 MP: 7/7
  4862 | D:4      | Reached skill level 3 in Slings
  4978 | D:4      | You pick up a book of Minor Magic and begin reading...
  4978 | D:4      | You add the spells Magic Dart, Call Imp and Mephitic Cloud
                  | to your library.
  4999 | D:4      | Reached skill level 4 in Short Blades
  5101 | D:4      | Reached XP level 7. HP: 35/35 MP: 8/8
  5217 | D:4      | Reached skill level 3 in Fighting
  5217 | D:4      | Reached skill level 8 in Stealth
  5344 | D:4      | Reached skill level 4 in Slings
  5857 | D:4      | Identified the +0 robe of Miophoj {rPois SInv Archmagi}
  6593 | D:3      | Killed Grinder
  6594 | D:3      | Reached skill level 5 in Slings
  6594 | D:3      | Reached skill level 9 in Stealth
  6594 | D:3      | Reached XP level 8. HP: 28/40 MP: 9/9
  6819 | D:3      | You add the spells Tukima's Dance, Passage of Golubria and
                  | Yara's Violent Unravelling to your library.
  6928 | D:3      | Noticed Sigmund
  7215 | D:6      | You pick up a book of Iron and begin reading...
  7215 | D:6      | You add the spells Animate Armour, Blade Hands and Iron
                  | Shot to your library.
  7261 | D:6      | Reached skill level 5 in Short Blades
  7623 | D:6      | Reached skill level 6 in Slings
  7632 | D:6      | Reached skill level 10 in Stealth
  8029 | D:6      | You add the spells Ozocubu's Armour and Ozocubu's
                  | Refrigeration to your library.
  8363 | D:6      | HP: 10/42 [poisoned by a kobold brigand]
  8732 | D:6      | Reached skill level 4 in Fighting
  9593 | D:6      | Noticed Eustachio
  9597 | D:6      | Killed Eustachio
  9598 | D:6      | Reached skill level 7 in Slings
  9598 | D:6      | Reached skill level 11 in Stealth
 10059 | D:7      | Reached XP level 9. HP: 32/45 MP: 10/10
 10229 | D:7      | Found a staircase to the Ecumenical Temple.
 10239 | Temple   | Entered the Ecumenical Temple
 11298 | D:7      | Found a white marble altar of Elyvilon.
 11562 | D:7      | HP: 8/46 [orc warrior (15)]
 11563 | D:7      | HP: 2/69 [orc warrior (7)]
 11565 | D:7      | Succumbed to an orc wizard's poison

Vanquished Creatures
  Grinder (D:3)
  Eustachio (D:6)
  A water moccasin (D:7)
  A black bear (D:6)
  2 necrophages
  A sky beast (D:5)
  2 ogres
  A phantom (D:4)
  A kobold brigand (D:6)
  A wyvern zombie (D:6)
  2 bullfrogs
  A gnoll sergeant (D:6)
  A scorpion (D:4)
  A water moccasin zombie (D:6)
  3 wights (D:4)
  A centaur skeleton (D:6)
  3 hounds
  A centaur zombie (D:7)
  A gnoll shaman (D:7)
  An orc priest (D:7)
  A jelly (D:6)
  2 bullfrog skeletons
  An iguana (D:5)
  12 gnolls
  8 adders
  2 ufetubi
  An adder skeleton (D:4)
  A worm (D:3)
  4 dart slugs
  15 orcs
  9 endoplasms
  8 goblins
  4 hobgoblins
  2 jackals (D:2)
  3 quokkas
  9 ball pythons
  6 bats
  2 frilled lizards
  19 kobolds
  3 rats (D:1)
139 creatures vanquished.

Table legend:
 A = Non-vault XP
 B = Vault XP
 C = Vault XP percentage of total XP
 D = Non-vault monster count
 E = Vault monster count
 F = Vault count percentage of total count
                 A         B        C        D         E       F
            +---------+---------+-------+---------+---------+-------
      Total |    2678 |     471 |  15.0 |     131 |       8 |   5.8
            +---------+---------+-------+---------+---------+-------
        D:1 |      31 |       0 |   0.0 |      20 |       0 |   0.0
        D:2 |      69 |       0 |   0.0 |      23 |       0 |   0.0
        D:3 |      78 |     266 |  77.3 |      15 |       6 |  28.6
        D:4 |     667 |       0 |   0.0 |      22 |       0 |   0.0
        D:5 |     390 |       0 |   0.0 |      14 |       0 |   0.0
        D:6 |     974 |     205 |  17.4 |      26 |       2 |   7.1
        D:7 |     469 |       0 |   0.0 |      11 |       0 |   0.0
            +---------+---------+-------+---------+---------+-------

Illustrated notes

Table legend:
 A = Kills in this place as a percentage of kills in entire the game.
 B = Kills by you in this place as a percentage of kills by you in the entire game.
 C = Kills by friends in this place as a percentage of kills by friends in the entire game.
 D = Other kills in this place as a percentage of other kills in the entire game.
 E = Experience gained in this place as a percentage of experience gained in the entire game.
 F = Experience gained in this place divided by the number of levels of this place that you have seen.
                   A       B       C       D       E      F
               +-------+-------+-------+-------+-------+----------------------
         Total | 100.0 | 100.0 |   N/A |   N/A | 100.0 | 393.6
       Dungeon | 100.0 | 100.0 |   N/A |   N/A | 100.0 | 449.9
               +-------+-------+-------+-------+-------+----------------------

Table legend: (Time is in decaauts)
 A = Elapsed time spent in this place.
 B = Non-inter-level travel time spent in this place.
 C = Inter-level travel time spent in this place.
 D = Time resting spent in this place.
 E = Time spent auto-exploring this place.
 F = Levels seen in this place.
 G = Mean time per level.
                   A        B        C        D        E       F      G
               +--------+--------+--------+--------+--------+-----+--------+
         Total |   9015 |   8617 |    398 |   4211 |   2756 |   8 | 1126.9 |
       Dungeon |   8760 |   8441 |    319 |   4211 |   2594 |   7 | 1251.4 |
        Temple |    254 |    175 |     79 |      0 |    162 |   1 |  254.0 |
               +--------+--------+--------+--------+--------+-----+--------+

Top non-repeatable levels by time:
     D:5: 2557 daAuts
     D:4: 1362 daAuts
     D:6: 1295 daAuts
     D:1: 1113 daAuts
     D:2: 1034 daAuts
     D:7: 803 daAuts
     D:3: 593 daAuts
  Temple: 254 daAuts
